 Dungeon Crawl Stone Soup version 0.26.1-2-gb8aa6d0cf2 (webtiles) character file.

Game seed: 13809353790719419953

13446 DwarfAlpaca the Gelid (level 12, -10/74 HPs)
             Began as a Merfolk Ice Elementalist on Mar 25, 2021.
             Was an Elder of Sif Muna.
             Mangled by a boulder beetle (38 damage)
             ... on level 2 of the Lair of Beasts on Mar 26, 2021.
             The game lasted 01:16:03 (20998 turns).

DwarfAlpaca the Gelid (Merfolk Ice Elementalist)   Turns: 20998, Time: 01:16:04

Health: -10/74     AC: 11    Str: 12    XL:     12   Next: 6%
Magic:  22/26      EV: 13    Int: 19    God:    Sif Muna [****..]
Gold:   756        SH:  5    Dex: 15    Spells: 11/31 levels left

rFire    . . .     SeeInvis .   i - +2 short sword (flame)
rCold    . . .     Faith    .   (no shield)
rNeg     + . .     Spirit   .   x - +0 robe of Begaod {Str+4}
rPois    .         Reflect  +   q - +0 helmet
rElec    .         Harm     .   t - +2 cloak
rCorr    .         Rampage  .   k - +0 pair of gloves
Will     .....                  (no boots)
Stlth    ++........             C - amulet of reflection (curse)
HPRegen  0.22/turn              l - ring of positive energy
MPRegen  0.20/turn              A - +4 ring of protection

@: no status effects
A: change form in water, swift swim, stealthy swim
a: Renounce Religion, Channel Magic, Forget Spell, Divine Exegesis


You were on level 2 of the Lair of Beasts.
You worshipped Sif Muna.
Sif Muna was greatly pleased with you.
You visited 3 branches of the dungeon, and saw 14 of its levels.

You collected 756 gold pieces.

Inventory:

Hand Weapons
 i - a +2 short sword of flaming (weapon)
Armour
 k - a +0 pair of gloves (worn)
 q - a +0 helmet (worn)
 t - a +2 cloak (worn)
 x - the +0 robe of Begaod (worn) {Str+4}
   (You found it on level 5 of the Dungeon)

   It affects your strength (+4).
Magical Staves
 p - an uncursed staff of conjuration
Jewellery
 l - a ring of positive energy (left hand)
 A - a +4 ring of protection (right hand)
 C - a cursed amulet of reflection (around neck)
Wands
 a - a wand of polymorph (9)
 o - a wand of acid (6)
 y - a wand of random effects (59)
 L - a wand of flame (13)
Scrolls
 c - 14 scrolls of identify {unknown}
 g - 9 scrolls of remove curse {unknown}
 m - 3 scrolls of amnesia {unknown}
 n - 4 scrolls of immolation {unknown}
 u - 2 scrolls of teleportation {unknown}
 v - 2 scrolls of blinking {unknown}
 w - a scroll of magic mapping {unknown}
 B - 4 scrolls of fog {unknown}
 D - 4 scrolls of enchant weapon {unknown}
 G - 5 scrolls of enchant armour {unknown}
 H - 2 scrolls of brand weapon {unknown}
 K - 2 scrolls of fear {unknown}
 M - a scroll of noise {unknown}
Potions
 b - 3 potions of berserk rage {unknown}
 d - 6 potions of heal wounds
 e - a potion of cancellation {unknown}
 f - 5 potions of curing {unknown}
 h - 2 potions of brilliance {unknown}
 j - 4 potions of mutation {unknown}
 s - a potion of magic {unknown}
 z - 2 potions of might
 E - 4 potions of attraction {unknown}
 F - a potion of flight {unknown}
 I - a potion of degeneration {unknown}
 J - 2 potions of ambrosia {unknown}
Miscellaneous
 r - a phantom mirror


   Skills:
 - Level 2.6 Dodging
 - Level 2.1 Stealth
 + Level 10.3 Spellcasting
 * Level 16.4 Ice Magic


You had 11 spell levels left.
You knew the following spells:

 Your Spells              Type           Power        Failure   Level
a - Freeze                Ice            100%         0%          1
b - Frozen Ramparts       Ice            100%         1%          3
c - Summon Ice Beast      Ice/Summ       41%          2%          4
d - Ozocubu's Armour      Ice            64%          1%          3
e - Hailstorm             Conj/Ice       41%          2%          4
f - Metabolic Englaciati  Hex/Ice        20%          7%          5

Your spell library contained the following spells:

 Spells                   Type           Power        Failure   Level
 Apportation              Tloc           18%          7%          1
 Confusing Touch          Hex            9%           22%         3
 Gell's Gravitas          Tloc           4%           22%         3
 Lesser Beckoning         Tloc           4%           22%         3
 Tukima's Dance           Hex            9%           22%         3
 Petrify                  Tmut/Erth      9%           56%         4
 Alistair's Intoxication  Tmut/Pois      6%           89%         5
 Yara's Violent Unravell  Hex/Tmut       4%           89%         5
 Invisibility             Hex            9%           100%        6


Dungeon Overview and Level Annotations

Branches:
Dungeon (11/15)            Temple (1/1) D:4            Lair (2/6) D:10
 Spider (0/4) Lair:2
  Swamp: Lair:2-4    Shoals: Lair:2-4       Orc: D:9-12

Altars:
Ashenzari
Cheibriados
Dithmenos
Elyvilon
Fedhas
Gozag
Hepliaklqana
Kikubaaqudgha
Makhleb
Nemelex Xobeh
Okawaru
Qazlal
Ru
Sif Muna
Trog
Uskayaw
Vehumet
Wu Jian
Xom
Yredelemnul
Zin
The Shining One

Shops:
D:4 [   D:5 }   D:6 }

Annotations:
D:6 2 transporters
Lair:2 exclusion: oklob plant


Message History

The boulder beetle curls into a ball and begins rolling!
There is a stone staircase leading up, spattered with blood here.
The elephant tramples you.
You stumble backwards!
You stop ascending the stairs.
You block the boulder beetle's attack.
The boulder beetle stops rolling and uncurls.
The boulder beetle bites you!
The boulder beetle curls into a ball and begins rolling!
Casting: Freeze (safe; 0% risk of failure)
Confirm with . or Enter, or press ? or * to list all spells.
You radiate an aura of cold.
The elephant seems to slow down. x2
The boulder beetle seems to slow down.
The elephant seems to slow down. x2
The elephant is no longer moving slowly.
The elephant is no longer moving slowly.
The boulder beetle is no longer moving slowly.
The elephant tramples the plant.
The plant begins to die.
The elephant trunk-slaps the plant.
The boulder beetle hits you!!!
Ouch! That really hurt!
You die...

...###.....#..P.........
#..8.......##.##.#...#..
#.......................
+..>.8#.................
#.......≈≈≈≈............
#..8.#..≈≈≈≈P...........
#.#.##..≈≈≈≈............
#.......≈≈≈≈............
#...##..@B≈≈≈P........... ....#..
#....○PPP........... ..#.#..
##....Y............. 8 #
#..##........Y.#....#P..
#............Y.#..<.##Y.
...............Y.....##°.
.#....................#..
#..............#......Y..
.................................


You could see a boulder beetle and 4 elephants.

Vanquished Creatures
  A hydra (Lair:2)
  Harold (D:7)
  Urug (D:10)
  An elephant (Lair:1)
  3 centaur zombies (D:11)
  3 cane toads (Lair:1)
  Maggie (D:8)
  2 trolls
  Prince Ribbit (D:7)
  5 blink frogs (Lair:1)
  The ghost of Tagedieb the Sneak, an amateur VSEn (D:3)
  2 humans (D:9)
  8 yaks
  A steam dragon (D:9)
  A vampire mosquito (D:10)
  2 basilisks (Lair:1)
  Duvessa (D:5)
  2 water moccasins
  2 orc warriors
  A black bear (D:10)
  A phantom (D:8)
  2 sky beasts
  2 ice beasts
  A necrophage (D:11)
  A wolf (Lair:1)
  2 ogres
  2 centaurs
  Blork the orc (D:5)
  5 bullfrogs
  A big kobold (D:10)
  Dowan (D:5)
  A wyvern zombie (D:11)
  A scorpion (D:4)
  5 killer bees (D:11)
  7 wights
  A howler monkey (D:7)
  9 electric eels
  A quasit (D:10)
  2 bullfrog zombies
  3 hounds
  2 centaur skeletons
  4 orc priests
  Crazy Yiuf (D:3)
  2 bullfrog skeletons
  7 jellies
  5 iguanas
  3 orc wizards
  Natasha (thrice) (D:2)
  7 worker ants
  A hound skeleton (D:8)
  9 adders
  A howler monkey skeleton (D:4)
  7 shadow imps
  A white imp (D:7)
  4 ufetubi
  3 oozes
  An adder zombie (D:4)
  2 worms
  4 dart slugs
  7 leopard geckos
  34 orcs
  2 ball pythons (D:3)
  8 bats
  A giant cockroach (D:4)
  3 goblins
  10 hobgoblins
  18 jackals
  2 quokkas
  2 frilled lizards
  A giant cockroach zombie (D:2)
  A jackal skeleton (D:2)
  12 kobolds
  A leopard gecko zombie (D:6)
  6 rats
264 creatures vanquished.

Vanquished Creatures (collateral kills)
  A hydra (Lair:2)
  A two-headed ogre (D:7)
  A cyclops (D:11)
  A centaur zombie (D:10)
  2 yaks
  An acid dragon (D:11)
  2 ice beasts (D:5)
  A black bear (D:10)
  An ogre (D:4)
  A centaur (D:10)
  An eye of draining (D:11)
  A wight (D:8)
  An electric eel (D:10)
  3 orcs
18 creatures vanquished.

Vanquished Creatures (others)
  4 orcs (D:9)
  4 fungi
  112 plants
120 creatures vanquished.

Grand Total: 402 creatures vanquished

Notes
Turn   | Place    | Note
-------+----------+-------------------------------------------
     0 | D:1      | DwarfAlpaca the Merfolk Ice Elementalist began the quest
                  | for the Orb.
     0 | D:1      | Reached XP level 1. HP: 13/13 MP: 3/3
   567 | D:1      | Reached XP level 2. HP: 19/19 MP: 3/5
  1271 | D:2      | Found a sacrificial altar of Ru.
  1364 | D:2      | Reached skill level 5 in Ice Magic
  1373 | D:2      | Found a hide-covered altar of Uskayaw.
  1373 | D:2      | Found a sparkling altar of Nemelex Xobeh.
  1373 | D:2      | Found a white marble altar of Elyvilon.
  1378 | D:2      | Found a transporter.
  1388 | D:2      | Found a transporter.
  1455 | D:2      | Reached XP level 3. HP: 19/24 MP: 0/6
  1538 | D:2      | Noticed Natasha
  1712 | D:2      | Killed Natasha
  1753 | D:2      | Learned a level 3 spell: Frozen Ramparts
  1792 | D:2      | Noticed Natasha
  1982 | D:2      | HP: 1/24 [Natasha (3)]
  1983 | D:2      | Killed Natasha
  1984 | D:2      | Reached XP level 4. HP: 2/30 MP: 1/8
  2281 | D:2      | Noticed Natasha
  2297 | D:2      | Killed Natasha
  2370 | D:2      | Reached skill level 6 in Ice Magic
  2656 | D:2      | Reached XP level 5. HP: 35/35 MP: 4/9
  3118 | D:3      | Learned a level 4 spell: Summon Ice Beast
  3501 | D:3      | Found a runed translucent door.
  3502 | D:3      | Noticed Crazy Yiuf
  3524 | D:3      | Killed Crazy Yiuf
  3597 | D:3      | Found a large runed translucent door.
  3598 | D:3      | Found a large runed translucent door.
  3605 | D:3      | Noticed Tagedieb's ghost (amateur VSEn)
  3617 | D:3      | Killed Tagedieb's ghost
  3618 | D:3      | Reached skill level 7 in Ice Magic
  3618 | D:3      | Reached XP level 6. HP: 37/41 MP: 4/11
  3752 | D:3      | Reached XP level 7. HP: 36/46 MP: 8/13
  4062 | D:4      | Learned a level 3 spell: Ozocubu's Armour
  4121 | D:4      | Reached skill level 8 in Ice Magic
  4354 | D:4      | Found Qepreona's Antique Armour Boutique.
  4538 | D:4      | Found a staircase to the Ecumenical Temple.
  4556 | Temple   | Entered the Ecumenical Temple
  4596 | Temple   | Became a worshipper of Sif Muna the Loreminder
  4933 | D:5      | Entered Level 5 of the Dungeon
  5071 | D:5      | Got an ominously black robe
  5081 | D:5      | Identified the +0 robe of Begaod {Str+4} (You found it on
                  | level 5 of the Dungeon)
  5083 | D:5      | Noticed Duvessa
  5127 | D:5      | Noticed Dowan
  5159 | D:5      | Killed Duvessa
  5160 | D:5      | Reached skill level 9 in Ice Magic
  5160 | D:5      | Reached XP level 8. HP: 52/52 MP: 9/15
  5281 | D:4      | Learned a level 4 spell: Hailstorm
  5425 | D:5      | Reached skill level 5 in Spellcasting
  5609 | D:5      | Noticed Blork the orc
  5632 | D:5      | Killed Blork the orc
  5841 | D:5      | Found Ciosiext's Gadget Boutique.
  6099 | D:5      | Killed Dowan
  6163 | D:5      | Found a radiant altar of Vehumet.
  6543 | D:6      | Found Xicofrurgh's Gadget Emporium.
  6794 | D:6      | Reached * piety under Sif Muna
  6795 | D:6      | Reached skill level 10 in Ice Magic
  6854 | D:6      | Found a transporter.
  6899 | D:6      | Found a transporter.
  7577 | D:6      | Found an iron altar of Okawaru.
  7577 | D:6      | Found a shadowy altar of Dithmenos.
  7676 | D:7      | Found Nejaa's Magic Scroll Emporium.
  7718 | D:7      | Found a shadowy altar of Dithmenos.
  7843 | D:7      | Reached XP level 9. HP: 51/57 MP: 9/18
  7939 | D:7      | Noticed a two-headed ogre
  7953 | D:7      | Killed a two-headed ogre
  7954 | D:7      | Reached skill level 11 in Ice Magic
  7977 | D:7      | Noticed Prince Ribbit
  8223 | D:7      | Killed Prince Ribbit
  8513 | D:7      | Noticed Harold
  8574 | D:7      | Killed Harold
  8575 | D:7      | Reached skill level 12 in Ice Magic
  8985 | D:8      | Found an opulent altar of Gozag.
  9034 | D:8      | Reached ** piety under Sif Muna
  9305 | D:8      | Noticed Maggie
  9542 | D:8      | Killed Maggie
  9543 | D:8      | Reached XP level 10. HP: 37/63 MP: 3/21
 10189 | D:8      | Reached skill level 13 in Ice Magic
 10608 | D:9      | Found an iron altar of Okawaru.
 11845 | D:9      | Reached skill level 14 in Ice Magic
 12121 | D:10     | Entered Level 10 of the Dungeon
 12128 | D:10     | Noticed Urug
 12267 | D:10     | Reached *** piety under Sif Muna
 13256 | D:10     | Found a staircase to the Lair.
 13699 | D:11     | Noticed a cyclops
 13827 | D:10     | Reached XP level 11. HP: 61/68 MP: 17/23
 15044 | D:11     | Reached skill level 15 in Ice Magic
 15327 | D:11     | Reached **** piety under Sif Muna
 15860 | D:11     | Killed a cyclops
 17333 | D:10     | Killed Urug
 17627 | Lair:1   | Entered Level 1 of the Lair of Beasts
 18864 | Lair:1   | Reached skill level 10 in Spellcasting
 18864 | Lair:1   | Reached skill level 16 in Ice Magic
 19767 | Lair:2   | Found a hole to the Spider Nest.
 19833 | Lair:2   | Noticed a seven-headed hydra
 19861 | Lair:1   | Learned a level 5 spell: Metabolic Englaciation
 19924 | Lair:2   | Noticed an oklob plant
 19924 | Lair:2   | Noticed a four-headed hydra
 19924 | Lair:2   | Noticed a boulder beetle
 20016 | Lair:2   | Killed a seven-headed hydra
 20165 | Lair:2   | Noticed a four-headed hydra
 20166 | Lair:2   | Found a bloodstained altar of Trog.
 20401 | Lair:2   | Killed a four-headed hydra
 20402 | Lair:2   | Reached XP level 12. HP: 74/74 MP: 2/26
 20998 | Lair:2   | Mangled by a boulder beetle

Illustrated notes

Levels and vault maps discovered:
D:1:      sevenhm_arrival_forest_fort_large_2, layout_basic, patterned_corridor
D:2:      layout_basic, overflow_temple_1_default,
          gammafunk_temple_overflow_arena, chequers_decorated_corner,
          minmay_pentomino_t2, uniq_natasha
D:3:      layout_rooms, ebering_ghost_disaster_area, uniq_crazy_yiuf_cottage
D:4:      layout_rooms, temple_hall, serial_shops, kennysheep_mini_moat
D:5:      layout_basic, basic_altar, serial_shops, shop, uniq_blork_the_orc,
          uniq_duvessa
D:6:      gammafunk_cloud_chamber, layout_loops_corners,
          gammafunk_temple_overflow_elements, serial_shops, shop_statue
D:7:      layout_basic, serial_shops, shop, grunt_dithmenos_smoke,
          uniq_prince_ribbit1, uniq_harold
D:8:      layout_layer_cave, grunt_gozag_breadcrumbs, uniq_maggie
D:9:      layout_loops_cross, okawaru_humans
D:10:     layout_loops_ring, lair_entry_dummy, serial_bayou,
          serial_bayou_pond_d, serial_bayou_lake_a, serial_bayou_pond_d,
          serial_bayou_shore_b, serial_bayou_ford_a, minivault_20, uniq_urug
D:11:     layout_gridville
Temple:   nicolae_temple_elliptical
Lair:1:   wad_woods_structure_01, layout_gridlike,
          chequers_serial_rivers_room_a, serial_bayou_shore_b
Lair:2:   layout_gridlike, minmay_shoals_entry_centaurs,
          spider_nest_entry_web_field, basic_altar, zaba_antful_of_joy,
          grunt_megastairs_1, minmay_lair_oklob_chamber, uniq_erica,
          uniq_gastronok

Skill      XL: |  1  2  3  4  5  6  7  8  9 10 11 |
---------------+----------------------------------+-----
Ice Magic      | 5 6 7 9 10 12 14 16 | 16.4
Spellcasting   | 3 4 6 7 8 10 | 10.3
Dodging        | |  2.6
Stealth        | |  2.1

Action                   |  1- 3 |  4- 6 |  7- 9 | 10-12 || total
-------------------------+-------+-------+-------+-------++-------
Melee: Short sword       |     3 |    39 |   126 |   314 ||   482
 Cast: Freeze            |    40 |    26 |    55 |    87 ||   208
       Frozen Ramparts   |     1 |    14 |    29 |    37 ||    81
       Summon Ice Beast  |       |       |    16 |    52 ||    68
       Hailstorm         |       |       |     1 |    64 ||    65
       Ozocubu's Armour  |       |       |       |     5 ||     5
       Metabolic Englaci |       |       |       |     5 ||     5
Evoke: Wand              |       |       |       |     1 ||     1
 Stab: Sleeping          |     2 |     2 |     8 |     4 ||    16
       Distracted        |       |       |       |     2 ||     2
Armor: Robe              |     3 |    13 |    58 |   115 ||   189
Dodge: Dodged            |    22 |    40 |   119 |   183 ||   364
Block: Other             |       |       |       |    51 ||    51
       Reflection        |       |       |       |     6 ||     6
